 Dungeon Crawl Stone Soup version 0.28-a0-938-gbc3f381ebc (webtiles) character file.

Game seed: 4254207378490159264

40 bearlyready the Chopper (level 3, -3/31 HPs)
             Began as a Hill Orc Monk on Nov 28, 2021.
             Slain by Sigmund (9 damage)
             ... on level 2 of the Dungeon.
             The game lasted 00:01:37 (1478 turns).

bearlyready the Chopper (Hill Orc Monk)             Turns: 1478, Time: 00:01:38

Health: -3/31      AC:  6    Str: 14    XL:     3   Next: 50%
Magic:  3/3        EV: 11    Int: 10    God:
Gold:   31         SH:  0    Dex: 13    Spells: 2/2 levels left

rFire   . . .      SeeInvis .   a - +0 hand axe
rCold   . . .      Faith    .   (no shield)
rNeg    . . .      Spirit   .   g - +0 ring mail {rPois}
rPois   +          Reflect  .   (no helmet)
rElec   .          Harm     .   (no cloak)
rCorr   .          Rampage  .   j - +0 pair of gloves
Will    .....                   (no boots)
Stlth   ..........              (no amulet)
HPRegen 0.10/turn               i - ring of flight
MPRegen 0.08/turn               (no ring)

@: confused, attractive, flying
A: no striking features
a: no special abilities


You were on level 2 of the Dungeon.
You visited 1 branch of the dungeon, and saw 2 of its levels.

You collected 31 gold pieces.

Inventory:

Hand Weapons
 a - a +0 hand axe (weapon)
Missiles
 b - 13 sling bullets
 c - 18 arrows
 e - 84 stones (quivered)
Armour
 g - a +0 ring mail of poison resistance (worn)
 j - a +0 pair of gloves (worn)
Jewellery
 i - a ring of flight (left hand)
Scrolls
 h - 3 scrolls of immolation


   Skills:
 - Level 3.6 Fighting
 + Level 5.9 Axes
 - Level 2.4 Dodging
 - Level 1.5 Stealth


You had 2 spell levels left.
You didn't know any spells.
Your spell library contained the following spells:

 Spells                   Type           Power      Damage    Failure   Level
 Scorch                   Fire           0%         2d5       75%         2
 Flame Wave               Conj/Fire      0%         2d4       100%        4
 Summon Cactus Giant      Summ           0%         N/A       100%        6


Dungeon Overview and Level Annotations

Branches:
Dungeon (2/15)

Altars:

Annotations:
D:2 Sigmund


Message History

Sigmund is lightly wounded.
Sigmund barely misses you. Sigmund hits you but does no damage.
You miss Sigmund.
Sigmund is lightly wounded.
You closely miss Sigmund.
Sigmund is lightly wounded.
Sigmund hits you with a +0 scythe.
Sigmund points at you and mumbles some strange words.
The puff of flame hits you!
You are too confused!
Unknown command.
You hit Sigmund.
Sigmund is lightly wounded.
Sigmund hits you but does no damage.
You bump into the rock wall.
You bump into the rock wall.
You feel less confused. Sigmund misses you.
You barely miss Sigmund.
Sigmund is lightly wounded.
Sigmund gestures at you while chanting.
You are confused.
You're too confused to move!
Sigmund barely misses you.
You barely miss Sigmund.
Sigmund is lightly wounded.
You bump into the rock wall.
Sigmund casts a spell at you. The puff of flame hits you!
* * * LOW HITPOINT WARNING * * *
You hit Sigmund.
Sigmund is moderately wounded.
Sigmund hits you with a +0 scythe.
* * * LOW HITPOINT WARNING * * *
You bump into the rock wall.
Sigmund mumbles some strange words.
Sigmund flickers and vanishes!
Deactivating autopickup; reactivate with Ctrl-A.
You're too confused to move!
Something hits you!
You die...

...............#
#.#.. #
...................
#######..###....###.
........<......##
######..########
#..........
#...####### #.{.# ##
#..@# .. #...##.####
####..........
#......##.##..
#.....†.# #
#.......# #####'#.#
########.#.#
.........#.#


There were no monsters in sight!

Vanquished Creatures
  An adder (D:2)
  A dart slug (D:1)
  A bat (D:1)
  3 endoplasms
  4 goblins (D:1)
  4 hobgoblins (D:1)
  5 kobolds
  2 quokkas
  3 ball pythons
  2 frilled lizards (D:1)
26 creatures vanquished.

Vanquished Creatures (others)
  2 fungi (D:1)
2 creatures vanquished.

Grand Total: 28 creatures vanquished

Notes
Turn   | Place    | Note
-------+----------+-------------------------------------------
     0 | D:1      | bearlyready the Hill Orc Monk began the quest for the Orb.
     0 | D:1      | Reached XP level 1. HP: 19/19 MP: 1/1
   341 | D:1      | Reached XP level 2. HP: 15/26 MP: 2/2
   513 | D:1      | Found a faded altar of an unknown god.
   532 | D:1      | Reached skill level 5 in Axes
   898 | D:1      | Reached XP level 3. HP: 25/31 MP: 3/3
  1441 | D:2      | Noticed Sigmund
  1478 | D:2      | Slain by Sigmund

Illustrated notes

Levels and vault maps discovered:
D:1:      nzn_arrival_settlement, layout_basic,
          shapermc_ecumenical_altar_acropolis, amcnicky_mini_pool_small,
          minmay_pentomino_t4
D:2:      layout_basic, kennysheep_jessica_study, uniq_crazy_yiuf_cottage,
          uniq_sigmund

Skill      XL: |  1  2 |
---------------+-------+-----
Axes           | 5 |  5.9
Fighting       | |  3.6
Dodging        | |  2.4
Stealth        | |  1.5

Action                   || total
-------------------------++-------
Melee: Hand axe          ||    96
  Use: Potion            ||     2
       Scroll            ||     1
 Stab: Sleeping          ||     1
Armor: Chain mail        ||     6
       Ring mail         ||    20
Dodge: Dodged            ||    48

Table legend: (Time is in decaauts)
 A = Elapsed time spent in this place.
 B = Non-inter-level travel time spent in this place.
 C = Inter-level travel time spent in this place.
 D = Time resting spent in this place.
 E = Time spent auto-exploring this place.
 F = Levels seen in this place.
 G = Mean time per level.
                   A        B        C        D        E       F      G
               +--------+--------+--------+--------+--------+-----+--------+
         Total |   1482 |   1399 |     83 |      0 |   1134 |   2 |  741.0 |
       Dungeon |   1482 |   1399 |     83 |      0 |   1134 |   2 |  741.0 |
               +--------+--------+--------+--------+--------+-----+--------+

Top non-repeatable levels by time:
     D:1: 1159 daAuts
     D:2: 323 daAuts
